 Dungeon Crawl Stone Soup version 0.20.0-8-g6b59dc7 (webtiles) character file.

675 KristoblXynda the Covered (level 7, -3/61 HPs)
             Began as a Deep Dwarf Fighter on June 1, 2017.
             Was an Initiate of Makhleb.
             Slain by a bullfrog zombie (4 damage)
             ... on level 5 of the Dungeon.
             The game lasted 00:07:55 (3730 turns).

KristoblXynda the Covered (Deep Dwarf Fighter)      Turns: 3730, Time: 00:07:56

Health: -3/61      AC: 10    Str: 21    XL:     7   Next: 33%
Magic:  7/7        EV:  8    Int:  9    God:    Makhleb [......]
Gold:   209        SH: 14    Dex: 12    Spells: 6/6 levels left

rFire    . . .     SeeInvis .   a - +0 war axe
rCold    + . .     Gourm    .   c - +0 shield
rNeg     . . .     Faith    .   k - +0 scale mail {MR+}
rPois    .         Spirit   .   i - +0 helmet
rElec    .         Reflect  .   (no cloak)
rCorr    .         Harm     .   t - +0 pair of gloves
MR       +++..                  (no boots)
Stlth    ..........             (no amulet)
Regen    0.0/turn               g - ring of protection from cold
MPRegen  0.1/turn               p - ring of loudness (curse)

@: non-regenerating
A: damage resistance, heal wounds, large bone plates 1, deterioration 1, magic
resistance 1, sense surroundings 1, no regeneration
a: Heal Wounds, Renounce Religion


You were on level 5 of the Dungeon.
You worshipped Makhleb.
Makhleb was noncommittal.
You were hungry.

You visited 2 branches of the dungeon, and saw 6 of its levels.

You collected 209 gold pieces.

Inventory:

Hand Weapons
 a - a +0 war axe (weapon)
Armour
 c - a +0 shield (worn)
 i - a +0 helmet (worn)
 k - a +0 scale mail of magic resistance (worn)
 t - a +0 pair of gloves (worn)
Jewellery
 g - a ring of protection from cold (left hand)
 p - a cursed ring of loudness (right hand)
Wands
 j - a wand of digging (7/24)
Scrolls
 d - 2 scrolls of identify
 e - a scroll of blinking
 l - a scroll of enchant weapon {unknown}
 n - a scroll of immolation
 s - 2 scrolls of teleportation
Potions
 b - a potion of cancellation
 o - a potion of might
 q - a potion of brilliance
Comestibles
 f - 5 bread rations
 h - 11 fruits
 m - 2 meat rations


   Skills:
 - Level 2.6 Fighting
 + Level 5.3 Axes
 + Level 6.2 Armour
 + Level 6.0 Shields


You had 6 spell levels left.
You didn't know any spells.

Dungeon Overview and Level Annotations

Branches:
Dungeon (5/15)             Temple (1/1) D:5

Altars:
Ashenzari
Elyvilon
Fedhas
Gozag
Hepliaklqana
Makhleb
Nemelex Xobeh
Okawaru
Qazlal
Ru
Sif Muna
Trog
Uskayaw
Xom
Yredelemnul
Zin
The Shining One


Innate Abilities, Weirdness & Mutations

You are resistant to damage.
You can heal yourself by infusing magical energy.
You passively map a small area around you.
You do not regenerate.
You are partially covered in large bone plates. (SH +4)
Your body sometimes deteriorates upon taking damage.
You are resistant to hostile enchantments. (MR+)


Message History

A shadow imp is nearby!
A shadow imp is nearby!
You block the shadow imp's attack.
You slash the shadow imp!
You kill the shadow imp!
Makhleb accepts your kill.
Found an escape hatch in the floor.
Found a stone staircase leading down.
Found a stone staircase leading up.
A bullfrog zombie comes into view.
There is an escape hatch in the floor here.
A bullfrog zombie is nearby!
Found 7 gold pieces.
You slash the bullfrog zombie!
The bullfrog zombie is heavily damaged.
You block the bullfrog zombie's attack. x2
You hit the bullfrog zombie.
The bullfrog zombie is heavily damaged.
The bullfrog zombie hits you.
You die...

*,,,,,,,*
***,,,,,,,*
*******,*
#..,,,..*,* *,*
#.#,##.,*,*
*,#####.#,..,,*,*
*,#.....#..**,*,*
***,#.....#.,**,*,*
*,,,#....?$,,,,,,,*
*,**#...Z.##*****,*
*,* #....@.# *,*
*,* #.#.##># *,*
*,* #.#....### *,*
*,* #........# *,*
*,* #........####<#
*,*##.........>...#
***
*,,..........######
**,**
***##.#.###..#
,,*,*** #.#.###..#
**********


You could see a bullfrog zombie.

Vanquished Creatures
  The ghost of Mlkhall the Skirmisher, an amateur DrVM (D:3)
  An ice beast (D:5)
  Blork the orc (D:4)
  A scorpion (D:4)
  2 orc priests (D:4)
  2 worker ants (D:4)
  A hound zombie (D:5)
  5 adders
  3 gnolls (D:2)
  A shadow imp (D:5)
  5 oozes (D:1)
  A worm (D:3)
  A dart slug (D:1)
  3 leopard geckos
  9 orcs
  4 bats
  10 giant cockroaches
  6 goblins
  7 hobgoblins
  6 jackals
  3 quokkas
  2 ball pythons
  6 frilled lizards
  A giant cockroach zombie (D:3)
  11 kobolds
  A leopard gecko skeleton (D:4)
  10 rats
104 creatures vanquished.

Notes
Turn   | Place    | Note
-------+----------+-------------------------------------------
     0 | D:1      | KristoblXynda the Deep Dwarf Fighter began the quest for the Orb.
     0 | D:1      | Reached XP level 1. HP: 20/20 MP: 1/1
     1 | D:1      | Found a runed door.
   352 | D:1      | Reached XP level 2. HP: 25/27 MP: 2/2
   613 | D:1      | Reached XP level 3. HP: 27/33 MP: 3/3
   744 | D:2      | Reached XP level 4. HP: 26/40 MP: 4/4
   808 | D:2      | Found a sparkling altar of Nemelex Xobeh.
   885 | D:2      | Found a faded altar of an unknown god.
  1533 | D:3      | Noticed Mlkhall's ghost (amateur DrVM)
  1539 | D:3      | Reached XP level 5. HP: 21/46 MP: 5/5
  1550 | D:3      | Killed Mlkhall's ghost
  1550 | D:3      | Reached skill level 5 in Armour
  1550 | D:3      | Reached skill level 5 in Shields
  1550 | D:3      | Reached XP level 6. HP: 20/55 MP: 6/6
  2532 | D:4      | Gained mutation: Your body sometimes deteriorates upon taking damage. [potion of mutation]
  2532 | D:4      | Gained mutation: You are partially covered in large bone plates. (SH +4) [potion of mutation]
  2532 | D:4      | Gained mutation: You are resistant to hostile enchantments. (MR+) [potion of mutation]
  2643 | D:4      | Noticed Blork the orc
  2663 | D:4      | Killed Blork the orc
  2984 | D:4      | HP: 1/55 [orc priest/divine providence (10)]
  3247 | D:4      | Reached skill level 5 in Axes
  3247 | D:4      | Reached XP level 7. HP: 1/61 MP: 7/7
  3343 | D:5      | Entered Level 5 of the Dungeon
  3443 | D:5      | Found a staircase to the Ecumenical Temple.
  3452 | Temple   | Entered the Ecumenical Temple
  3527 | Temple   | Became a worshipper of Makhleb the Destroyer
  3730 | D:5      | Slain by a bullfrog zombie

Skill      XL: |  1  2  3  4  5  6  7 |
---------------+----------------------+-----
Armour         | 4 5 6 |  6.2
Axes           | 3 4 5 |  5.3
Shields        | 4 5 6 |  6.0
Fighting       | |  2.6

Action                   |  1- 3 |  4- 6 |  7- 9 || total
-------------------------+-------+-------+-------++-------
Melee: War axe           |    90 |   218 |    25 ||   333
  Use: Scroll            |       |    15 |     2 ||    17
       Potion            |       |     6 |       ||     6
  Eat: Chunk             |       |     7 |       ||     7
       Royal jelly       |       |     1 |       ||     1
Armor: Scale mail        |     9 |    27 |    12 ||    48
       Chain mail        |    51 |    69 |       ||   120
Dodge: Dodged            |    26 |    52 |     3 ||    81
Block: Shield            |    44 |   124 |    16 ||   184
